 Dungeon Crawl Stone Soup version 0.17.1-3-g152610e (webtiles) character file.

665 Peloso the Shield-Bearer (level 7, -9/61 HPs)
             Began as a Minotaur Fighter on Mar 11, 2016.
             Was a Follower of Okawaru.
             Mangled by an ogre
             ... wielding a +0 giant spiked club
              (24 damage)
             ... on level 4 of the Dungeon.
             The game lasted 00:10:37 (3185 turns).

Peloso the Shield-Bearer (Minotaur Fighter)         Turns: 3185, Time: 00:10:37

Health: -9/61      AC: 15    Str: 21    XL:     7   Next: 31%
Magic:  6/6        EV:  7    Int:  5    God:    Okawaru [*.....]
Gold:   207        SH: 10    Dex: 11    Spells: 0 memorised, 6 levels left

rFire  x . .     SeeInvis .     a - +0 long sword
rCold  + . .     Clarity  .     t - +0 chain mail
rNeg   . . .     SustAt   .     c - +0 shield
rPois  +         Gourm    .     (helmet restricted)
rElec  .         Spirit   .     v - +2 cloak
rCorr  .         Warding  .     n - +0 pair of gloves
rMut   .         Stasis   .     q - +0 pair of boots
MR     .....                    (no amulet)
Stlth  ..........               y - ring of ice
                                m - ring of poison resistance

@: not resistant to hostile enchantments, extremely unstealthy
A: retaliatory headbutt, horns 2
a: Heroism, Renounce Religion


You were on level 4 of the Dungeon.
You worshipped Okawaru.
Okawaru was aware of your devotion.
You were hungry.

You visited 1 branch of the dungeon, and saw 4 of its levels.
You also visited: Sewer.

You collected 207 gold pieces.

Inventory:

Hand Weapons
 a - a +0 long sword (weapon)
Armour
 c - a +0 shield (worn)
 n - a +0 pair of gloves (worn)
 q - a +0 pair of boots (worn)
 t - a +0 chain mail (worn)
 v - a +2 cloak (worn)
Jewellery
 m - a ring of poison resistance (left hand)
 y - a ring of ice (right hand)
 F - an uncursed ring of ice
Wands
 D - a wand of disintegration (5)
Scrolls
 f - 4 scrolls of teleportation {unknown}
 g - 2 scrolls of enchant armour {unknown}
 h - a scroll of fear {unknown}
 i - 4 scrolls of identify {unknown}
 o - 3 scrolls of enchant weapon {unknown}
 s - a scroll of magic mapping {unknown}
 z - 2 scrolls of noise {unknown}
 B - 2 scrolls of blinking {unknown}
 E - a scroll of remove curse {unknown}
 J - a scroll of recharging {unknown}
Potions
 b - a potion of brilliance {unknown}
 d - a potion of might
 j - a potion of ambrosia {unknown}
 k - a potion of cancellation {unknown}
 l - a potion of agility {unknown}
 r - 2 potions of curing {unknown}
 w - a potion of heal wounds {unknown}
 x - a potion of magic {unknown}
 C - 2 potions of poison {unknown}
 G - 2 potions of resistance {unknown}
 H - a potion of lignification {unknown}
 I - a potion of invisibility {unknown}
 K - a potion of mutation {unknown}
Comestibles
 e - 7 bread rations
 p - 2 meat rations
 u - 6 fruits
 A - a slice of pizza


   Skills:
 + Level 5.1 Fighting
 + Level 4.4 Long Blades
 + Level 5.6 Armour
 + Level 3.5 Dodging
 + Level 0.1 Stealth
 + Level 6.2 Shields


You had 6 spell levels left.
You didn't know any spells.

Dungeon Overview and Level Annotations

Branches:
Dungeon (4/15)
 Temple: D:4-7

Altars:
Fedhas
Kikubaaqudgha
Okawaru
Yredelemnul

Annotations:
D:4 exclusion: oklob plant


Innate Abilities, Weirdness & Mutations

You reflexively headbutt those who attack you in melee.
You have a pair of horns on your head.


Message History

The ogre hits you with a giant spiked club!
* * * LOW HITPOINT WARNING * * *
You see here a falchion.
Found 5 gold pieces.
You see here 16 gold pieces.
The jackal skeleton bites you but does no damage.
You block the jackal skeleton's attack.
You see here 15 arrows.
Your chain mail prevents you from hitting the jackal skeleton.
You headbutt the jackal skeleton.
You destroy the jackal skeleton!
Okawaru accepts your kill.
Evoke which item? (* to show all) (? for menu, Esc to quit)
Zapping:
D - a wand of disintegration (will waste charges)
Press: ? - help, Shift-Dir - straight line, f - ogre
Aim: an ogre, wielding a giant spiked club (severely wounded, chance to defeat MR: 65%)
The ogre struggles to resist.
Evoking this partially-identified wand wasted a few charges.
The ogre hits you with a giant spiked club!!
You die...

....###..####..###.#########
###.##.....##.## ##.....)..#
#.##...#.##..###..##.###.#
#...........#.#.#.##.# #.#
####.###.............# #.#
#.#########(####### #.#
#......# #.# ##.##
#)####.####O### #...#
#.####.##..@..# ##..#
#...##.##..)..# ##.#
#......##.....# ###.###
#.#.##.##.....# #.....#
#......##.....# #.#.#.#
#.#.##.######## #.#.#.#
#.#.##.######### #.))#.#
#.#....#.......# #.###.#
#.รท..#.#.#####.# #.....#


You could see an ogre.

Vanquished Creatures
  Sigmund (D:2)
  2 ogres
  A giant frog (Sewer)
  Crazy Yiuf (D:2)
  An orc wizard (D:4)
  11 adders
  4 oozes
  2 worms
  7 giant geckos
  2 orcs (D:4)
  2 ball pythons (Sewer)
  7 bats
  14 giant cockroaches
  5 hobgoblins
  5 jackals
  11 kobolds
  A quokka (D:3)
  12 giant newts
  4 goblins
  A jackal skeleton (D:4)
  6 rats
100 creatures vanquished.

Vanquished Creatures (others)
  A fungus (D:4)
1 creature vanquished.

Grand Total: 101 creatures vanquished

Notes
Turn   | Place    | Note
--------------------------------------------------------------
     0 | D:1      | Peloso the Minotaur Fighter began the quest for the Orb.
     0 | D:1      | Reached XP level 1. HP: 19/19 MP: 0/0
   187 | D:1      | Reached skill level 4 in Armour
   192 | D:1      | Reached XP level 2. HP: 25/27 MP: 1/1
   353 | D:1      | Reached XP level 3. HP: 31/33 MP: 2/2
  1024 | D:2      | Reached skill level 1 in Dodging
  1107 | D:2      | Reached XP level 4. HP: 40/40 MP: 3/3
  1128 | D:2      | Found a basalt altar of Yredelemnul.
  1185 | D:2      | Noticed Sigmund
  1198 | D:2      | Killed Sigmund
  1198 | D:2      | Reached skill level 5 in Shields
  1198 | D:2      | Reached XP level 5. HP: 25/47 MP: 4/4
  1205 | D:2      | Found an ancient bone altar of Kikubaaqudgha.
  1205 | D:2      | Found an iron altar of Okawaru.
  1209 | D:2      | Became a worshipper of Warmaster Okawaru
  1386 | D:2      | Noticed Crazy Yiuf
  1393 | D:2      | Killed Crazy Yiuf
  1393 | D:2      | Reached XP level 6. HP: 53/53 MP: 5/5
  1622 | D:3      | Reached skill level 5 in Armour
  1741 | D:3      | Found a glowing drain.
  1762 | Sewer    | Entered a sewer
  2420 | D:3      | Reached skill level 5 in Fighting
  2564 | D:4      | Reached XP level 7. HP: 58/61 MP: 6/6
  2615 | D:4      | Reached * piety under Okawaru
  2615 | D:4      | Reached skill level 6 in Shields
  2978 | D:4      | Found a blossoming altar of Fedhas.
  3004 | D:4      | Noticed an oklob plant
  3185 | D:4      | Mangled by an ogre

Action                   |  1- 3 |  4- 6 |  7- 9 || total
-------------------------+-------+-------+-------++-------
Melee: Long sword        |    92 |   135 |    34 ||   261
Evoke: Wand              |       |       |     1 ||     1
  Eat: Chunk             |     1 |     5 |     1 ||     7
